Map: Jagannatha LE

Players

Vindicta

  • Race: Terran Terran
  • League: Master

Nina - Winner!

  • Race: Protoss Protoss
  • League: Grandmaster

Event: DreamHack SC2 Masters 2021 Summer

VOD

Have the link to the VOD?

Description

Time

  • Played on: June 3, 2021, 3:13 p.m.
  • Length: 9:59

All games in this series

Show
View Real Time Build Order
Export as new Build Order

Vindicta Terran 

Build Orders: 1/1/1 

Get SALT Encoding   

  12  0:00  SCV  
  13  0:12  SCV  
  14  0:17  Supply Depot  
  14  0:24  SCV  
  15  0:39  SCV  
  15  0:40  Barracks  
  16  0:46  Refinery  
  16  0:51  SCV  
  17  0:57  Refinery  
  17  1:03  SCV  
  18  1:15  SCV  
  19  1:28  Marine  
  19  1:29  Orbital Command  
  20  1:39  Factory  
  20  1:47  Barracks Reactor  
  20  1:55  Supply Depot  
  20  1:59  SCV  
  21  2:11  SCV  
  21  2:12  Supply Depot  
  22  2:23  Starport, SCV  
  23  2:31  Hellion  
  23  2:33  Hellion  
  27  2:40  SCV  
  28  2:53  Hellion  
  28  2:54  Hellion  
  32  2:59  Medivac  
  32  3:03  Barracks Tech Lab, SCV  
  32  3:04  Supply Depot  
  35  3:12  Armory  
  35  3:16  Widow Mine  
  37  3:20  Widow Mine  
  40  3:27  SCV  
  40  3:31  Barracks Reactor  
  40  3:49  Command Center  
  40  3:50  SCV  
  41  4:02  SCV  
  41  4:07  Marine x2  
  44  4:15  SCV  
  43  4:17  Viking  
  43  4:21  Siege Tank  
  46  4:27  Marine  
  46  4:28  Barracks  
  47  4:43  Supply Depot  
  47  4:49  Starport Tech Lab  
  47  5:00  SCV, Marine x2, Siege Tank  
  53  5:07  Raven  
  53  5:12  SCV  
  56  5:15  Barracks  
  56  5:18  Marine x2  
  58  5:25  SCV, Barracks Tech Lab, Orbital Command  
  59  5:30  Bunker  
  59  5:37  SCV, Marine x2  
  62  5:45  Supply Depot  
  62  5:47  Stimpack  
  62  5:50  SCV  
  62  5:53  Marine  
  64  6:00  SCV  
  64  6:01  Starport Reactor  
  64  6:02  SCV, Marine  
  64  6:03  Marine  
  68  6:08  Refinery  
  68  6:12  SCV  
  68  6:15  Engineering Bay, Combat Shield  
  68  6:17  SCV  
  68  6:20  Marauder  
  68  6:25  Marauder  
  71  6:36  Marine  
  71  6:37  SCV x2  
  74  6:42  Terran Infantry Weapons Level 1  
  74  6:47  Supply Depot  
  74  6:49  SCV, Missile Turret  
  74  6:51  Supply Depot  
  74  6:53  Medivac  
  77  7:00  Marine, Medivac  
  81  7:03  Marauder  
  81  7:04  SCV  
  83  7:08  SCV  
  83  7:13  Refinery  
  86  7:16  SCV  
  86  7:17  Marine  
  86  7:18  Supply Depot  
  88  7:24  Medivac  
  88  7:30  Medivac  
  88  7:32  SCV  
  88  7:33  Concussive Shells  
  88  7:35  Marine  
  88  7:36  Marauder  
  95  7:38  SCV  
  95  7:39  Missile Turret  
  95  7:43  Supply Depot  
  94  7:45  Siege Tank  
  94  7:46  Marine  
  94  7:50  SCV  
  99  7:54  Supply Depot  
  99  7:56  Marine  
  99  7:58  Marauder  
  102  8:08  Marauder, Marine  
  103  8:16  Command Center  
  103  8:18  Medivac x2  
  103  8:19  Marine  
  100  8:21  Marine  
  100  8:26  Marine  
  98  8:28  SCV  
  98  8:30  Marauder  
  99  8:36  Marine  
  99  8:39  Marauder  
  102  8:44  Marine  
  102  8:45  Barracks  
  102  8:47  Barracks  
  100  8:51  Marine  
  100  8:53  Liberator  
  100  8:54  Marine, Medivac  
  100  8:55  SCV  
  108  8:57  SCV  
  108  9:00  Marine  
  110  9:07  SCV  
  110  9:09  SCV  
  109  9:10  Engineering Bay  
  109  9:11  Marine x2, Supply Depot  
  109  9:14  Marine  
  112  9:18  Marine  
  112  9:19  SCV  
  112  9:21  SCV, Siege Tank  
  118  9:28  Marine  
  118  9:30  Orbital Command, Marine  
  120  9:32  Marine  
  120  9:36  Marauder  
  125  9:42  Barracks Reactor, Barracks Tech Lab  
  125  9:43  SCV  
Show
View Real Time Build Order
Export as new Build Order

Nina Protoss - Winner!

Build Orders: 1 Gate Expand, Colossus Rush 

Get SALT Encoding   

  12  0:00  Probe  
  13  0:12  Probe  
  14  0:17  Pylon  
  14  0:24  Probe  
  15  0:36  Probe (Chrono Boost)  
  15  0:38  Gateway  
  16  0:47  Probe (Chrono Boost)  
  16  0:48  Assimilator  
  17  0:52  Probe (Chrono Boost)  
  18  1:03  Probe  
  19  1:15  Probe  
  20  1:24  Cybernetics Core  
  20  1:32  Nexus  
  20  1:41  Pylon  
  20  1:42  Probe  
  21  1:51  Assimilator  
  21  1:54  Probe  
  21  1:58  Stalker (Chrono Boost)  
  24  2:06  Probe  
  24  2:08  Warp Gate  
  25  2:18  Probe  
  25  2:21  Stalker  
  28  2:30  Probe, Shield Battery  
  29  2:42  Probe, Robotics Facility  
  30  2:46  Probe  
  31  2:51  Stalker  
  31  2:56  Probe  
  33  2:59  Probe  
  34  3:09  Gateway  
  34  3:10  Probe  
  36  3:12  Probe  
  35  3:22  Probe  
  35  3:25  Probe  
  37  3:30  Observer (Chrono Boost)  
  37  3:33  Robotics Bay  
  38  3:34  Probe  
  38  3:40  Probe  
  40  3:46  Probe, Pylon  
  41  3:54  Probe, Pylon  
  42  3:56  Stalker  
  42  4:00  Probe  
  45  4:04  Observer (Chrono Boost)  
  45  4:08  Stalker  
  48  4:10  Probe  
  48  4:15  Observer  
  49  4:21  Probe  
  49  4:23  Probe  
  47  4:29  Observer  
  47  4:30  Disruptor (Chrono Boost)  
  49  4:33  Probe  
  51  4:40  Shield Battery, Stalker  
  53  4:46  Probe  
  53  4:47  Gateway  
  53  4:51  Probe  
  55  4:55  Assimilator  
  55  4:58  Probe  
  56  5:01  Pylon  
  56  5:03  Probe  
  57  5:07  Warp Prism (Chrono Boost)  
  57  5:10  Probe  
  59  5:15  Probe  
  59  5:17  Gravitic Drive  
  59  5:20  Twilight Council  
  60  5:22  Probe  
  60  5:23  Assimilator  
  60  5:28  Pylon  
  61  5:29  Probe  
  61  5:32  Stalker  
  61  5:34  Observer  
  64  5:40  Pylon  
  64  5:46  Colossus (Chrono Boost)  
  70  5:57  Nexus  
  70  6:01  Pylon  
  70  6:04  Charge (Chrono Boost)  
  70  6:06  Probe  
  70  6:07  Probe  
  72  6:16  Gateway, Sentry  
  74  6:18  Probe  
  74  6:19  Probe  
  76  6:35  Colossus  
  76  6:38  Gateway  
  76  6:39  Probe  
  83  6:41  Zealot  
  83  6:43  Probe  
  83  6:44  Pylon  
  86  6:48  Gateway  
  86  6:51  Probe  
  86  6:52  Sentry  
  89  6:55  Zealot  
  89  6:57  Probe  
  89  6:59  Pylon  
  91  7:03  Gateway  
  91  7:04  Probe  
  91  7:08  Shield Battery  
  92  7:09  Probe  
  92  7:12  Zealot  
  92  7:15  Probe  
  96  7:16  Probe  
  96  7:21  Probe, Zealot  
  100  7:24  Gateway  
  100  7:29  Gateway  
  99  7:33  Probe  
  99  7:35  Probe, Templar Archives  
  101  7:42  Colossus  
  107  7:49  Probe  
  107  7:51  Probe  
  107  7:52  Shield Battery  
  107  7:57  Zealot x4  
  115  8:07  Stalker x2  
  115  8:11  Zealot  
  115  8:12  Pylon  
  117  8:13  Probe  
  117  8:17  Probe  
  116  8:21  Pylon  
  106  8:28  Probe  
  106  8:29  Zealot x3  
  113  8:36  Assimilator  
  113  8:38  Forge  
  113  8:48  High Templar x3  
  119  8:56  Archon  
  119  8:57  Nexus  
  119  8:58  Probe  
  119  9:00  Forge  
  120  9:05  High Templar  
  122  9:10  Archon, Pylon  
  122  9:12  Assimilator  
  122  9:16  Pylon  
  122  9:17  Nexus  
  122  9:20  Zealot x2  
  122  9:21  Zealot x3  
  122  9:22  Observer  
  133  9:30  Stalker x2  
  137  9:31  Stalker  
  137  9:35  Pylon  
  139  9:40  Pylon  
  139  9:44  Zealot x2  
  141  9:48  Zealot  
Tags
 
Add a new tag
Caveats
  • Supply blocks, unpowered buildings, or Contaminate may cause inaccurate times.
  • Supply counts are checked every 10 seconds.